 Dungeon Crawl Stone Soup version 0.27.0-1-g7a089689b8 (webtiles) character file.

Game seed: 6483061834269299867

5030 robertstho the Thaumaturge (level 10, -9/70 HPs)
             Began as a Djinni Fire Elementalist on Aug 16, 2021.
             Was a Believer of Makhleb.
             Mangled by ojifijod's ghost (20 damage)
             ... on level 9 of the Dungeon.
             The game lasted 00:15:50 (12673 turns).

robertstho the Thaumaturge (DjFE)                  Turns: 12673, Time: 00:15:51

Health: -9/70      AC:  6    Str:  7    XL:     10   Next: 85%
Gold:   1714       EV: 12    Int: 25    God:    Makhleb [**....] SH:  4 Dex: 15

rFire    + + .     SeeInvis .   D - +2 short sword (vamp)
rCold    x . .     Faith    .   l - +0 buckler
rNeg     . . .     Spirit   .   a - +0 robe
rPois    ∞         Reflect  .   p - +2 helmet
rElec    .         Harm     .   (no cloak)
rCorr    .         Rampage  .   j - +0 pair of gloves
Will     +....                  (boots unavailable)
Stlth    +++.......             (no amulet)
HPRegen  0.21/turn              w - +6 ring of intelligence
MPRegen  0.00/turn              (no ring)

@: about to teleport, flying, studying Armour
A: sickness immunity, fire resistance 2, cold vulnerability 1, float, innate
caster, hp casting, extra vitality 1
a: Renounce Religion, Minor Destruction


You were on level 9 of the Dungeon.
You worshipped Makhleb.
Makhleb was pleased with you.
You visited 2 branches of the dungeon, and saw 10 of its levels.

You collected 1792 gold pieces.
You spent 78 gold pieces at shops.

Inventory:

Hand Weapons
 d - a +1 short sword of draining
 g - a +0 long sword
 D - a +2 vampiric short sword (weapon)
Armour
 a - a +0 robe (worn)
 j - a +0 pair of gloves (worn)
 l - a +0 buckler (worn)
 p - a +2 helmet (worn)
Jewellery
 w - a +6 ring of intelligence (left hand)
 F - a ring of resist corrosion
Wands
 b - a wand of digging (4)
 i - a wand of flame (19)
 o - a wand of iceblast (10)
 q - a wand of acid (21)
 r - a wand of paralysis (11)
Scrolls
 c - 2 scrolls of teleportation
 e - a scroll of holy word
 m - a scroll of brand weapon
 t - 2 scrolls of enchant weapon {unknown}
 y - a scroll of summoning {unknown}
 B - a scroll of amnesia {unknown}
 C - a scroll of fear
Potions
 f - a potion of might
 h - a potion of cancellation
 k - a potion of attraction
 n - a potion of lignification
 s - 4 potions of haste
 u - a potion of heal wounds {unknown}
 v - a potion of flight {unknown}
 x - a potion of berserk rage {unknown}
 z - 2 potions of brilliance


   Skills:
 * Level 5.2 Fighting
 + Level 1.5 Short Blades
 + Level 3.0 Dodging
 + Level 4.1 Stealth
 + Level 0.6 Shields
 * Level 9.8 Spellcasting
 * Level 4.9 Invocations
 + Level 0.1 Evocations


You had 2 spell levels left.
You knew the following spells:

 Your Spells              Type           Power      Damage    Failure   Level
a - Foxfire               Conj/Fire      100%       2x1d9     1%          1
b - Conjure Flame         Conj/Fire      57%        6-21      1%          3
c - Inner Flame           Hex/Fire       57%        N/A       1%          3
d - Sticky Flame          Conj/Fire      57%        2d7       1%          4
e - Fireball              Conj/Fire      28%        3d12      3%          5
f - Beastly Appendage     Tmut           100%       N/A       1%          1
g - Ensorcelled Hibernat  Hex/Ice        100%       N/A       1%          2
h - Portal Projectile     Hex/Tloc       100%       N/A       1%          3
i - Summon Lightning Spi  Summ/Air       57%        N/A       1%          4
Your spell library was empty.

Dungeon Overview and Level Annotations

Branches:
Dungeon (9/15)             Temple (1/1) D:4
   Lair: D:8-11         Orc: D:9-12

Altars:
Ashenzari
Cheibriados
Dithmenos
Fedhas
Gozag
Hepliaklqana
Kikubaaqudgha
Makhleb
Nemelex Xobeh
Qazlal
Ru
Sif Muna
Trog
Uskayaw
Vehumet
Wu Jian
Xom
Yredelemnul
Zin
The Shining One

Shops:
D:1 =?*   D:3 *

Annotations:
D:2 1 runed translucent door, Crazy Yiuf
D:7 3 runed translucent doors, dtburroughs's ghost, novice MiBe
D:9 ojifijod's ghost, journeyman TrFi


Innate Abilities, Weirdness & Mutations

You are immune to sickness and miasma.
You are immune to poison.
Your flesh is very heat resistant. (rF++)
You are vulnerable to cold. (rC-)
You float through the air rather than walking.
You learn spells naturally, not from books.
Your magical power is your life essence.
You have superior vitality. (+4 HP)


Message History

The fireball explodes!
The fireball engulfs ojifijod's ghost!
Ojifijod's ghost is lightly damaged.
Ojifijod's ghost is engulfed in a cloud of scalding steam.
Unknown command.
Unknown command.
Casting: Fireball (dangerous; 3% risk of failure)
Confirm with . or Enter, or press ? or * to list all spells.
Aiming: Fireball (dangerous; 3% risk of failure)
Press: ? - help, Shift-Dir - straight line, f/p - ojifijod's ghost
Aim: ojifijod's ghost (steam, lightly damaged)
The fireball explodes!
The fireball engulfs ojifijod's ghost!
Ojifijod's ghost is lightly damaged.
Ojifijod's ghost is engulfed in a cloud of scalding steam.
Unknown command.
Unknown command.
Casting: Fireball (dangerous; 3% risk of failure)
Confirm with . or Enter, or press ? or * to list all spells.
Aiming: Fireball (dangerous; 3% risk of failure)
Press: ? - help, Shift-Dir - straight line, f/p - ojifijod's ghost
Aim: ojifijod's ghost (steam, lightly damaged)
The fireball explodes!
The fireball engulfs ojifijod's ghost!
Ojifijod's ghost is moderately damaged.
Ojifijod's ghost is engulfed in a cloud of scalding steam.
Unknown command.
Unknown command.
Casting: Fireball (dangerous; 3% risk of failure)
Confirm with . or Enter, or press ? or * to list all spells.
Aiming: Sticky Flame (dangerous; 1% risk of failure)
Press: ? - help, Shift-Dir - straight line, f/p - ojifijod's ghost
Aim: ojifijod's ghost (moderately damaged, 100% to hit)
The sticky flame hits ojifijod's ghost!
Ojifijod's ghost is moderately damaged.
Ojifijod's ghost hits you!!!
Ouch! That really hurt!
* * * LOW HITPOINT WARNING * * *
Press: ? - help, v - describe, . - travel The floor.
As you read the scroll of teleportation, it crumbles to dust.
You feel strangely unstable. Ojifijod's ghost hits you!!
You die...

#...###..## >.........##
...........#
#.##.......####
...#........).##
...............###
..........##.....#######
.........#.......#....$#
.........#......@W§≈≈≈"#
.........#.......#.....#
.......#...#....###########
.......#..#########.......#
.......#[....## #........##
(........#....# #.......##
.....#...##..#####......#
.....#..####.#.##..#....#
.....#÷÷..#.......##..###


You could see ojifijod's ghost.

Vanquished Creatures
  A cyclops (D:7)
  Joseph (D:7)
  An unseen horror (D:7)
  A troll (D:9)
  A hornet (D:9)
  An acid dragon (D:9)
  Duvessa (D:6)
  A water moccasin (D:5)
  A hornet zombie (D:8)
  An orc warrior (D:8)
  6 black bears
  An ice beast (D:7)
  3 necrophages
  3 ogres
  2 centaurs
  A phantom (D:4)
  3 kobold brigands
  2 bullfrogs
  2 gnoll sergeants
  2 wyvern zombies
  Dowan (D:6)
  A scorpion (D:6)
  3 killer bees (D:8)
  3 howler monkeys (D:9)
  2 centaur skeletons (D:7)
  A jelly (D:5)
  A bullfrog skeleton (D:7)
  Jessica (D:2)
  2 iguanas
  12 orc wizards
  Robin (D:2)
  9 gnolls (D:9)
  5 adders
  A worm (D:3)
  2 dart slugs
  16 orcs
  8 ball pythons
  9 endoplasms
  4 giant cockroaches
  17 goblins
  8 hobgoblins
  4 jackals (D:3)
  A quokka (D:4)
  3 bats
  A frilled lizard (D:2)
  21 kobolds
  22 rats
194 creatures vanquished.

Vanquished Creatures (collateral kills)
  A gnoll sergeant (D:9)
1 creature vanquished.

Vanquished Creatures (others)
  620 foxfires
620 creatures vanquished.

Grand Total: 815 creatures vanquished

Notes
Turn   | Place    | Note
-------+----------+-------------------------------------------
     0 | D:1      | robertstho the Djinni Fire Elementalist began the quest for
                  | the Orb.
     0 | D:1      | Reached XP level 1. HP: 15/15 MP: 0/0
   244 | D:1      | Reached XP level 2. HP: 18/21 MP: 0/0
   364 | D:1      | Found Nuehu's Assorted Antiques.
   474 | D:1      | Found Noevig's Magic Scroll Boutique.
   561 | D:1      | Bought a scroll of noise for 13 gold pieces
   705 | D:1      | Reached skill level 3 in Spellcasting
   847 | D:1      | Found Loocwyss's Jewellery Shoppe.
   852 | D:1      | Reached XP level 3. HP: 22/26 MP: 0/0
   852 | D:1      | Learned a level 1 spell: Beastly Appendage
  1378 | D:2      | Noticed Jessica
  1388 | D:2      | Killed Jessica
  1389 | D:2      | Reached skill level 1 in Fighting
  1389 | D:2      | Reached XP level 4. HP: 24/32 MP: 0/0
  1569 | D:2      | Found a faded altar of an unknown god.
  2267 | D:2      | Noticed Robin
  2271 | D:2      | Killed Robin
  2428 | D:2      | Found a sparkling altar of Nemelex Xobeh.
  2517 | D:2      | Found a runed translucent door.
  2518 | D:2      | Noticed Crazy Yiuf
  2717 | D:1      | Bought a scroll of teleportation for 39 gold pieces
  2717 | D:1      | Bought a scroll of identify for 26 gold pieces
  2830 | D:3      | Reached XP level 5. HP: 33/37 MP: 0/0
  2830 | D:3      | Learned a level 2 spell: Ensorcelled Hibernation
  3029 | D:3      | Reached skill level 4 in Spellcasting
  3201 | D:3      | Found Zebunol's General Store.
  3694 | D:3      | Found a bloodstained altar of Trog.
  3694 | D:3      | Found a sacrificial altar of Ru.
  3750 | D:4      | Noticed a black bear
  3770 | D:4      | Killed a black bear
  3771 | D:4      | Reached XP level 6. HP: 36/43 MP: 0/0
  4041 | D:4      | Found a glowing golden altar of the Shining One.
  4041 | D:4      | Found a shimmering altar of Xom.
  4174 | D:4      | Found a staircase to the Ecumenical Temple.
  4234 | Temple   | Entered the Ecumenical Temple
  4305 | Temple   | Became a worshipper of Makhleb the Destroyer
  5087 | D:5      | Entered Level 5 of the Dungeon
  5477 | D:5      | Noticed a black bear
  5483 | D:5      | Killed a black bear
  5484 | D:5      | Reached skill level 5 in Spellcasting
  5484 | D:5      | Reached XP level 7. HP: 44/49 MP: 0/0
  5484 | D:5      | Learned a level 3 spell: Portal Projectile
  5568 | D:5      | Noticed a water moccasin
  5582 | D:5      | Killed a water moccasin
  5583 | D:5      | Reached skill level 1 in Invocations
  5808 | D:5      | Reached * piety under Makhleb
  5989 | D:5      | Reached XP level 8. HP: 50/55 MP: 0/0
  6874 | D:5      | Reached skill level 6 in Spellcasting
  7026 | D:6      | Noticed Duvessa
  7035 | D:6      | Killed Duvessa
  7036 | D:6      | Noticed Dowan
  7041 | D:6      | Killed Dowan
  7506 | D:6      | Reached skill level 7 in Spellcasting
  7738 | D:6      | Reached XP level 9. HP: 54/60 MP: 0/0
  7738 | D:6      | Learned a level 4 spell: Summon Lightning Spire
  8108 | D:7      | Noticed Joseph
  8119 | D:7      | Killed Joseph
  8447 | D:7      | Noticed a cyclops
  8450 | D:7      | Reached skill level 8 in Spellcasting
  8455 | D:7      | Killed an unseen horror
  8553 | D:7      | Killed a cyclops
  8554 | D:7      | Reached XP level 10. HP: 11/67 MP: 0/0
  8829 | D:7      | Found a runed translucent gate.
  9689 | D:7      | Found a runed translucent gate.
  9689 | D:7      | Found a runed translucent gate.
  9690 | D:7      | Noticed dtburroughs's ghost (novice MiBe)
  9885 | D:8      | Reached skill level 9 in Spellcasting
 10137 | D:8      | Reached skill level 1 in Short Blades
 10882 | D:8      | Found an opulent altar of Gozag.
 10992 | D:8      | Reached ** piety under Makhleb
 11187 | D:9      | Reached skill level 5 in Fighting
 11447 | D:9      | Identified a scroll of acquirement
 11709 | D:8      | Acquired 1274 gold pieces
 12288 | D:9      | Found a runed translucent door.
 12599 | D:9      | Found a hazy altar of Hepliaklqana.
 12666 | D:9      | Noticed ojifijod's ghost (journeyman TrFi)
 12673 | D:9      | Mangled by ojifijod's ghost

Illustrated notes

Levels and vault maps discovered:
D:1:      minmay_arrival_split_and_join, layout_basic, serial_shops,
          nicolae_shop_stone, nicolae_shop_waterfront, shop_statue,
          minmay_misc_feat_chi
D:2:      layout_loops_ring, basic_altar, ebering_ecumenical_altar_abandoned,
          uniq_jessica, uniq_crazy_yiuf_cottage, uniq_robin
D:3:      layout_rooms, gammafunk_temple_overflow_claw, serial_shops, shop
D:4:      layout_gridville, nicolae_overflow_hidden_temple,
          lemuel_temple_firewalk_a, minmay_rat_hole
D:5:      layout_layer_cave, minmay_misc_feat_ornament
D:6:      layout_cave_pools, uniq_duvessa
D:7:      layout_basic, ebering_ghost_rock_garden, minmay_manual_mail,
          uniq_joseph
D:8:      layout_rooms, mainiacjoe_overflow_six_doors_small, kennysheep_doodads
D:9:      layout_cave_pools, kennysheep_mini_moat, ebering_ghost_reflecting_pool
Temple:   nicolae_temple_god_jail

Skill      XL: |  1  2  3  4  5  6  7  8  9 10 |
---------------+-------------------------------+-----
Spellcasting   | 3 4 5 7 8 9 |  9.8
Fighting       | 1 2 3 5 |  5.2
Stealth        | 2 3 4 |  4.1
Invocations    | 1 2 4 |  4.9
Short Blades   | 1 |  1.5
Dodging        | 3 |  3.0
Shields        | |  0.6
Evocations     | |  0.1

Action                   |  1- 3 |  4- 6 |  7- 9 | 10-12 || total
-------------------------+-------+-------+-------+-------++-------
Melee: Short sword       |       |       |     1 |    25 ||    26
 Cast: Foxfire           |    56 |   181 |   141 |       ||   378
       Sticky Flame      |       |       |     6 |    14 ||    20
       Fireball          |       |       |       |    60 ||    60
       Summon Lightning  |       |       |       |     2 ||     2
Evoke: Wand              |       |       |     2 |       ||     2
  Use: Scroll            |       |     5 |     2 |    10 ||    17
       Potion            |       |       |     4 |     1 ||     5
 Stab: Sleeping          |       |       |       |     3 ||     3
Armor: Robe              |       |     3 |     4 |    20 ||    27
Dodge: Dodged            |     2 |    12 |    16 |    23 ||    53
Block: Buckler           |       |     3 |     3 |     7 ||    13
       Rpst.: Long sword |       |     3 |     1 |       ||     4
